 Dungeon Crawl Stone Soup version 0.14.2 (webtiles) character file.

18 Amnesiac the Charlatan (level 1, 0/10 HPs)
             Began as a Spriggan Artificer on Feb 4, 2018.
             Slain by a kobold (1 damage)
             ... on Level 1 of the Dungeon.
             The game lasted 00:00:19 (495 turns).

Amnesiac the Charlatan (Spriggan Artificer)          Turns: 495, Time: 00:00:19

HP   0/10        AC  2     Str  7      XL: 1   Next: 41%
MP   2/2         EV 18     Int 13      God:
Gold 15          SH  0     Dex 16      Spells:  0 memorised,  0 levels left

rFire  . . .     SeeInvis +     a - +0 short sword
rCold  . . .     Clarity  .     e - +0 robe
rNeg   . . .     Conserve .     (shield restricted)
rPois  .         rCorr    .     (helmet restricted)
rElec  .         rRot     .     (no cloak)
SustAb . .       Spirit   .     (gloves unavailable)
rMut   .         Warding  .     (boots unavailable)
Saprov . . .     Stasis   .     (no amulet)
MR     .....                    (no ring)
                                (no ring)

@: very quick, not resistant to hostile enchantments, fairly stealthy
A: unfitting armour, see invisible, herbivore 3, speed 3, slow metabolism 2
a: no special abilities


You were on level 1 of the Dungeon.
You were not hungry.

You visited 1 branch of the dungeon, and saw 1 of its levels.

You collected 15 gold pieces.

Inventory:

Hand weapons
 a - a +0,+0 short sword (weapon)
Missiles
 h - 13 darts (quivered)
Armour
 e - a +0 robe (worn)
Magical devices
 b - a wand of flame (15)
 c - a wand of enslavement (15)
 d - a wand of random effects (15)
Comestibles
 i - an apple
Potions
 f - a potion of porridge {!q}
 g - a potion of restore abilities {!q, unknown}
 j - a potion of brilliance {!q, unknown}
 k - 2 potions of mutation {!q, unknown}


   Skills:
 - Level 1.0 Fighting
 + Level 1.4 Short Blades
 - Level 3.0 Dodging
 - Level 1.5 Stealth
 - Level 4.0 Evocations


You couldn't memorise any spells.
You didn't know any spells.

Dungeon Overview and Level Annotations

Branches:
Dungeon (1/15)

Altars:


Innate Abilities, Weirdness & Mutations

You are tiny and cannot use many weapons and most armour.
You have supernaturally acute eyesight.
You are a herbivore.
You cover ground extremely quickly.
You need consume almost no food.


Message History

The giant cockroach is severely wounded.
The giant cockroach completely misses you.
You closely miss the giant cockroach.
The giant cockroach is severely wounded.
The giant cockroach misses you.
You barely miss the giant cockroach.
The giant cockroach is severely wounded.
The giant cockroach bites you. x2
* * * LOW HITPOINT WARNING * * *
You hit the giant cockroach but do no damage.
The giant cockroach is heavily wounded.
The giant cockroach barely misses you.
You hit the giant cockroach.
The giant cockroach is almost dead.
The giant cockroach bites you.
* * * LOW HITPOINT WARNING * * *
You hit the giant cockroach.
You kill the giant cockroach!
You start resting.
You start resting.
HP restored.
Found a fizzy white potion.
A bat comes into view.
A bat is nearby!
A bat is nearby!
A bat is nearby!
Found a stone staircase leading down.
The bat closely misses you.
You hit the bat.
The bat is moderately wounded.
The bat misses you. The bat misses you.
You barely miss the bat. The bat completely misses you.
The bat closely misses you. The bat closely misses you.
You hit the bat.
You kill the bat!
No target in view!
No target in view!
No target in view!
i - an apple
j - a fizzy white potion {!q}
k - 2 emulsified inky potions {!q} A kobold comes into view.
The kobold shouts!
You hear a shout!
A goblin comes into view. It is wielding a dagger.
The kobold hits you but does no damage.
Found 20 stones.
You closely miss the kobold. The kobold hits you.
You closely miss the kobold. The kobold hits you but does no damage.
You barely miss the kobold. The kobold hits you.
You hit the kobold.
The kobold is severely wounded.
The kobold hits you.
* * * LOW HITPOINT WARNING * * *
You completely miss the kobold.
The kobold is severely wounded.
The kobold hits you.
* * * LOW HITPOINT WARNING * * *
You are too injured to fight recklessly!
You completely miss the kobold.
The kobold is severely wounded.
The kobold hits you.
You die...

....##.....♣#♣#♣.♣#♣#♣.#
...........#####.......#
....##.....# #.#######
....##.....# #.#
######..... #.# .>...
#.# . #.# #.# #@# #K#
#g# ... ... ....# ....#
.....# ..(


You could see a goblin and a kobold.

Vanquished Creatures
  A bat (D:1)
  2 giant cockroaches (D:1)
  A rat (D:1)
4 creatures vanquished.

Notes
Turn   | Place    | Note
--------------------------------------------------------------
     0 | D:1      | Amnesiac, the Spriggan Artificer, began the quest for the Orb.
     0 | D:1      | Reached XP level 1. HP: 9/9 MP: 2/2
   134 | D:1      | Reached skill level 1 in Fighting
   495 | D:1      | Slain by a kobold

Action                   || total
-------------------------++-------
Melee: Short sword       ||    27
